 Dungeon Crawl Stone Soup version 0.30-a0-748-ge6a52f7cba (webtiles) character file.

Game seed: 15278317029652008882

531319 Lobster4 the Sorcerer (level 24, -13/152 HPs)
             Began as a Deep Elf Conjurer on Feb 8, 2023.
             Was the Champion of Vehumet.
             Shot with a bolt by a vault warden (23 damage)
             ... on level 5 of the Vaults on Feb 9, 2023.
             The game lasted 04:43:27 (74944 turns).

Lobster4 the Sorcerer (Deep Elf Conjurer)          Turns: 74944, Time: 04:43:28

Health: -13/152    AC: 18    Str:  4    XL:     24   Next: 97%
Magic:  22/54      EV: 25    Int: 44    God:    Vehumet [******]
Gold:   2462       SH: 13    Dex: 13    Spells: 21/73 levels left

rFire   + + +      SeeInvis +    z - +5 trident of the Piercing Saviour {venom, rElec rCorr Str-4 Int+5}
rCold   + . .      Faith    .    c - +0 kite shield {rC+ rF+}
rNeg    + + .      Spirit   .    v - +3 leather armour of Tecs {rN+ Int+2}
rPois   +          Reflect  .    J - +2 helmet {Int+3}
rElec   +          Harm     .    p - +2 cloak {Stlth+}
rCorr   +          Rampage  .    q - +1 pair of gloves of the Plum {rF+ rN+ Int+2}
Will    +++++                    N - +2 pair of slick slippers {slick, slippery, EV+5}
Stlth   +++                      e - amulet of magic regeneration
HPRegen 0.45/turn                Z - ring "Babre" {rElec rF++ Will++ rCorr}
MPRegen 0.74/turn                g - ring "Neegenef" {rPois rC+ Will+ Slay+4 SInv}

@: studying 3 skills
A: cold vulnerability 1
}: 2/15 runes: decaying, serpentine
a: Renounce Religion


You were on level 5 of the Vaults.
You worshipped Vehumet.
Vehumet was exalted by your worship.
You visited 10 branches of the dungeon, and saw 46 of its levels.
You also visited: Ossuary, Ice Cave, Wizlab and Desolation.

You collected 6368 gold pieces.
You spent 3906 gold pieces at shops.

Inventory:

Hand Weapons
 z - the +5 trident of the Piercing Saviour (weapon) {venom, rElec rCorr Str-4 Int+5}
   (You found it on level 5 of the Dungeon)

   Str:       It affects your strength (-4).
   Int:       It affects your intelligence (+5).
   rElec:     It insulates you from electricity.
   rCorr:     It protects you from acid and corrosion.
 Y - the +0 short sword "Hiphaed" {flame, rPois rF+ rC+ Will-}
   (You bought it in a shop on level 2 of the Orcish Mines)

   rF:        It protects you from fire.
   rC:        It protects you from cold.
   rPois:     It protects you from poison.
   Will:      It decreases your willpower.
Missiles
 r - 15 curare-tipped darts (quivered)
 t - 4 atropa-tipped darts
Armour
 c - a +0 kite shield of resistance (worn)
 p - a +2 cloak of stealth (worn)
 q - the +1 pair of gloves of the Plum (worn) {rF+ rN+ Int+2}
   (You found it on level 3 of the Swamp)

   Int:       It affects your intelligence (+2).
   rF:        It protects you from fire.
   rN:        It protects you from negative energy.
 v - the +3 leather armour of Tecs (worn) {rN+ Int+2}
   (You found it on level 5 of the Lair of Beasts)

   Int:       It affects your intelligence (+2).
   rN:        It protects you from negative energy.
 F - a +2 buckler of protection
 J - a +2 helmet of intelligence (worn)
 N - the +2 pair of slick slippers (worn) {slick, slippery, EV+5}
   (You acquired it on level 8 of the Dungeon)

   Slick:     Its wearer cannot be constricted, engulfed, netted or webbed.
   Slippery:  It slips away from damaging melee attacks, pulling the attacker
   onward.
   EV:        It affects your evasion (+5).
Jewellery
 e - an amulet of magic regeneration (around neck)
 g - the ring "Neegenef" (right hand) {rPois rC+ Will+ Slay+4 SInv}
   (You found it on level 1 of the Elven Halls)

   [ring of slaying]

   Slay:      It affects your accuracy & damage with ranged weapons and melee
   (+4).
   rC:        It protects you from cold.
   rPois:     It protects you from poison.
   SInv:      It lets you see invisible.
   Will:      It increases your willpower.
 h - the ring "Edalinof" {+Blink Dex+3 Slay+6 SInv}
   (You found it in the Desolation of Salt)

   [ring of see invisible]

   Dex:       It affects your dexterity (+3).
   Slay:      It affects your accuracy & damage with ranged weapons and melee
   (+6).
   SInv:      It lets you see invisible.
   +Blink:    It lets you blink.
 i - a +6 ring of dexterity
 j - a ring of flight
 o - the ring of Amelioration {rElec rN+ Int+4}
   (You found it on level 8 of the Dungeon)

   [ring of positive energy]

   Int:       It affects your intelligence (+4).
   rElec:     It insulates you from electricity.
   rN:        It protects you from negative energy.
 u - an amulet of guardian spirit
 H - the amulet of Recklessness {Regen+ Int+3 Slay+3}
   (You found it on level 3 of the Crypt)

   [amulet of regeneration]

   Int:       It affects your intelligence (+3).
   Slay:      It affects your accuracy & damage with ranged weapons and melee
   (+3).
   Regen:     It increases your rate of health regeneration.
 L - the amulet of Ettuidi {Reflect Regen+ SH+5}
   (You found it in the Desolation of Salt)

   [amulet of reflection]

   It reflects blocked missile attacks.
   Regen:     It increases your rate of health regeneration.
   SH:        It affects your SH (+5).
 Z - the ring "Babre" (left hand) {rElec rF++ Will++ rCorr}
   (You bought it in a shop on level 2 of the Orcish Mines)

   [ring of resist corrosion]

   rF:        It greatly protects you from fire.
   rElec:     It insulates you from electricity.
   rCorr:     It protects you from acid and corrosion.
   Will:      It greatly increases your willpower.
Wands
 a - a wand of digging (25)
 d - a wand of paralysis (38)
 S - a wand of light (17)
 U - a wand of mindburst (34)
 V - a wand of roots (29)
Scrolls
 b - 5 scrolls of enchant armour
 f - 2 scrolls of magic mapping
 l - 4 scrolls of blinking
 n - 4 scrolls of fear
 y - 7 scrolls of teleportation
 B - 3 scrolls of silence
 E - 11 scrolls of immolation
 O - 2 scrolls of fog
 T - 5 scrolls of poison
Potions
 k - 8 potions of might
 s - 8 potions of brilliance
 w - 8 potions of lignification
 C - 13 potions of haste
 D - 4 potions of ambrosia
 G - 3 potions of heal wounds
 I - 4 potions of resistance
 K - 8 potions of cancellation
 P - 22 potions of curing
 Q - 6 potions of invisibility
 W - 3 potions of berserk rage
Miscellaneous
 m - a tin of tremorstones (1/2)
 x - a lightning rod (4/4)
 R - a condenser vane


   Skills:
 - Level 16.0 Fighting
 - Level 5.0 Short Blades
 - Level 2.0 Staves
 - Level 3.0 Ranged Weapons
 - Level 2.0 Throwing
 - Level 10.0 Armour
 + Level 22.8 Dodging
 - Level 3.0 Stealth
 * Level 14.0 Shields
 + Level 25.2 Spellcasting
 + Level 21.9 Conjurations
 - Level 3.0 Translocations
 - Level 4.0 Fire Magic
 - Level 4.0 Ice Magic
 - Level 3.0 Air Magic
 * Level 16.5 Earth Magic
 - Level 5.0 Poison Magic
 - Level 5.0 Evocations


You had 21 spell levels left.
You knew the following spells:

 Your Spells              Type           Power      Damage    Failure   Level
a - Magic Dart            Conj           100%       1d8       0%          1
b - Searing Ray           Conj           100%       2d8       0%          2
c - Iron Shot             Conj/Erth      61%        9d11      1%          6
d - Lightning Bolt        Conj/Air       52%        1d74      1%          5
e - Poisonous Vapours     Pois/Air       100%       N/A       1%          2
f - Iskenderun's Mystic   Conj/Tloc      100%       2d19      1%          4
g - Iskenderun's Battles  Conj           100%       2d15      0%          5
h - Blink                 Tloc           100%       N/A       1%          2
i - Fireball              Conj/Fire      53%        3d21      1%          5
j - Freezing Cloud        Conj/Ice/Air   48%        6-21      1%          5
k - Lehudib's Crystal Sp  Conj/Erth      61%        10d14     1%          8
o - Orb of Destruction    Conj           64%        9d15      1%          7

Your spell library contained the following spells:

 Spells                   Type           Power      Damage    Failure   Level
 Shatter                  Erth           58%        3d43*     24%         9
 Chain Lightning          Conj/Air       52%        3d70      73%         9
 Polar Vortex             Ice            37%        N/A       100%        9
 Foxfire                  Conj/Fire      100%       2x1d9     0%          1
 Kiss of Death            Conj/Necr      100%       2d13      0%          1
 Shock                    Conj/Air       100%       1d9       0%          1
 Momentum Strike          Conj/Tloc      100%       3d10      0%          2
 Apportation              Tloc           100%       N/A       1%          1
 Beastly Appendage        Tmut           100%       N/A       1%          1
 Slow                     Hex            100%       N/A       1%          1
 Summon Small Mammal      Summ           100%       N/A       1%          1
 Call Imp                 Summ           53%        N/A       1%          2
 Cigotuvi's Dreadful Rot  Necr/Pois/Air  100%       N/A       1%          2
 Sublimation of Blood     Necr           53%        N/A       1%          2
 Wereblood                Tmut           53%        N/A       1%          2
 Dazzling Flash           Conj/Hex       100%       N/A       1%          3
 Gell's Gravitas          Tloc           69%        N/A       1%          3
 Ignite Poison            Fire/Tmut/Pois 69%        N/A       1%          3
 Inner Flame              Hex/Fire       64%        N/A       1%          3
 Kindle Blastsparks       Fire/Tloc/Air  100%       2d18      1%          3
 Mephitic Cloud           Conj/Pois/Air  97%        N/A       1%          3
 Portal Projectile        Hex/Tloc       100%       N/A       1%          3
 Spider Form              Tmut/Pois      67%        N/A       1%          3
 Teleport Other           Tloc           69%        N/A       1%          3
 Vhi's Electric Charge    Tloc/Air       100%       N/A       1%          3
 Airstrike                Air            34%        2d(5-21)  1%          4
 Fulminant Prism          Conj/Hex       50%        3d23      1%          4
 Sticky Flame             Conj/Fire      100%       2d11      1%          4
 Arcjolt                  Conj/Air       52%        1d62      1%          5
 Borgnjor's Vile Clutch   Necr/Erth      45%        N/A       1%          5
 Conjure Ball Lightning   Conj/Air       52%        3x3d18    1%          6
 Starburst                Conj/Fire      53%        6d14      1%          6
 Call Canine Familiar     Summ           53%        N/A       2%          3
 Confusing Touch          Hex            53%        N/A       2%          3
 Summon Guardian Golem    Hex/Summ       53%        N/A       2%          3
 Tukima's Dance           Hex            53%        N/A       2%          3
 Vampiric Draining        Necr           53%        2d9       2%          3
 Manifold Assault         Tloc           69%        N/A       2%          4
 Passage of Golubria      Tloc           69%        N/A       2%          4
 Ice Form                 Ice/Tmut       64%        N/A       3%          4
 Summon Lightning Spire   Summ/Air       62%        N/A       4%          4
 Yara's Violent Unravell  Hex/Tmut       26%        3d11      6%          5
 Anguish                  Hex/Necr       26%        N/A       9%          4
 Cause Fear               Hex            26%        N/A       9%          4
 Dispel Undead            Necr           53%        3d19      9%          4
 Alistair's Intoxication  Tmut/Pois      44%        N/A       9%          5
 Silence                  Hex/Air        31%        N/A       12%         5
 Summon Forest            Summ/Tloc      31%        N/A       12%         5
 Eringya's Noxious Bog    Tmut/Pois      33%        N/A       12%         6
 Agony                    Necr           53%        N/A       22%         5
 Dispersal                Tloc           34%        N/A       36%         6
 Fire Storm               Conj/Fire      53%        8d13      67%         9
 Death Channel            Necr           26%        N/A       77%         6
 Ignition                 Fire           37%        3d11      92%         8
 Maxwell's Capacitive Co  Air            34%        ∞         97%         8
 Storm Form               Tmut/Air       31%        N/A       98%         7
 Dragon Form              Tmut           26%        N/A       100%        7
 Enfeeble                 Hex            26%        N/A       100%        7
 Haunt                    Necr/Summ      26%        N/A       100%        7
 Summon Hydra             Summ           26%        N/A       100%        7
 Borgnjor's Revivificati  Necr           26%        N/A       100%        8
 Discord                  Hex            26%        N/A       100%        8
 Infestation              Necr           26%        N/A       100%        8
 Dragon's Call            Summ           26%        N/A       100%        9


Dungeon Overview and Level Annotations

Branches:
Dungeon (15/15)            Temple (1/1) D:4            Lair (5/5) D:9
  Swamp (4/4) Lair:3        Snake (4/4) Lair:3        Slime (0/5) Lair:5
    Orc (2/2) D:11            Elf (3/3) Orc:2        Vaults (5/5) D:14
  Crypt (3/3) Vaults:2       Tomb (0/3) Crypt:3      Depths (4/4) D:15
    Zot (0/5) Depths:4    Ossuary (visited)           IceCv (visited)
 WizLab (visited)         Desolation (visited)

Altars:
Ashenzari
Cheibriados
Dithmenos
Elyvilon
Fedhas
Gozag
Hepliaklqana
Kikubaaqudgha
Makhleb
Nemelex Xobeh
Okawaru
Qazlal
Ru
Sif Muna
Trog
Uskayaw
Vehumet
Wu Jian
Xom
Yredelemnul
Zin
The Shining One
Lugonu

Shops:
D:6 =   Orc:1 [   Orc:2 [(*:=   Elf:1 *   Elf:3 *   Snake:3 =[*   Vaults:2 =
Vaults:4 ?

Portals:
Hell: Depths:1 Depths:2 Depths:3 Depths:4
Abyss: Depths:3
Pandemonium: Depths:2 Depths:4
Ziggurat: Depths:3

Annotations:
Snake:1 1 transporter
Depths:1 3 runed translucent doors, Dameikh's ghost, veteran FoFi
Depths:2 3 runed translucent doors, timneilson's ghost, adept GrFi


Innate Abilities, Weirdness & Mutations

You are vulnerable to cold. (rC-)


Message History

You hear an angry hiss.
You hear a shout! x2
Casting: Iron Shot (safe; 1% risk of failure)
Confirm with . or Enter, or press ? or * to list all spells.
Aiming: Iron Shot (safe; 1% risk of failure)
Press: ? - help, Shift-Dir - straight line, f/p - golden dragon
Aim: a golden dragon (poison gas, heavily wounded, 88% to hit)
The iron shot hits the golden dragon!!!
The golden dragon is almost dead.
The yaktaur captain is engulfed in freezing vapours.
The yaktaur captain shoots a bolt.
The bolt misses you.
The vault warden is engulfed in freezing vapours.
The vault warden activates a sealing rune.
The vault warden is engulfed in poison gas.
The vault warden is poisoned.
The golden dragon breathes poison at you.
The blast of poison engulfs you. You resist.
* * * LOW HITPOINT WARNING * * *
You hear a shout!
Casting: Iron Shot (safe; 1% risk of failure)
Confirm with . or Enter, or press ? or * to list all spells.
Aiming: Iron Shot (safe; 1% risk of failure)
Press: ? - help, Shift-Dir - straight line, f/p - golden dragon
Aim: a golden dragon (poison gas, almost dead, catching its breath, 88% to hit)
The iron shot hits the golden dragon!!!
You kill the golden dragon!
Vehumet accepts your kill.
You feel your power returning.
The yaktaur captain is engulfed in freezing vapours.
The yaktaur captain shoots a bolt.
You block the bolt.
The vault warden is engulfed in freezing vapours.
The vault warden shoots a bolt.
The bolt hits you!!
* * * LOW HITPOINT WARNING * * *
A vault guard comes into view. It is wielding a +0 battleaxe.
The deep elf annihilator gestures wildly while chanting.
The deep elf annihilator blinks!
The vault warden is engulfed in freezing vapours.
The vault warden unwields a +2 great sword of holy wrath.
It stops glowing.
The vault warden wields a +0 arbalest.
The vault warden shoots a bolt.
The bolt hits you!!
You die...

......<<...).....
.....)...☼)......
###W.).○..○######
...)p§.§§.#
....#Wp§.#..#
#...#ppcp#..C#
##. #§§§.#....#
#○.○.#....p.
#@§☼☼# ###..
#§☼☼.# #○○..#
#○.°.# #°☼..#
#....# #....#
#.p..#


You could see 2 vault wardens, a yaktaur captain (very poisoned), 2 vault
guards, a hell knight (fast), a phantasmal warrior and an ironbound convoker.

Vanquished Creatures
  2 dread liches (Crypt:3)
  An ancient lich (Crypt:3)
  Mennas (Crypt:3)
  A juggernaut (Depths:2)
  A royal mummy (Crypt:1)
  The ghost of Hynwimna the Slayer, a veteran MiGl of Okawaru (Elf:1)
  Saint Roka (Vaults:4)
  A caustic shrike (Depths:2)
  A golden dragon (Vaults:5)
  2 curse toes (Crypt:3)
  Nikola (Depths:2)
  The ghost of Zievuyg the Executioner, an adept MiFi of the Shining One (Crypt:1)
  The ghost of Soammui the Slayer, an adept MiBe of Trog (Elf:2)
  The ghost of Onexaaje the Warrior, an adept GrFi of Cheibriados (Crypt:1)
  3 hellephants (Depths:4)
  4 tentacled monstrosities
  Jorgrun (Snake:2)
  A shard shrike skeleton (Crypt:3)
  3 liches
  A deep elf blademaster (Elf:3)
  5 deep elf master archers
  A titan (Depths:3)
  4 ancient champions (Crypt:3)
  A shadow dragon (Depths:2)
  6 sphinxes
  2 storm dragons (Depths:4)
  8 thorn hunters
  3 fenstrider witches (WizLab)
  2 revenants (Crypt:3)
  8 nagarajas
  8 deep elf sorcerers (Elf:3)
  An imperial myrmidon (Desolation)
  7 frost giants
  5 fire giants
  A balrug (Depths:2)
  11 vault wardens
  8 ghouls
  A curse skull (Crypt:2)
  2 deep elf elementalists (Elf:3)
  17 ironbound preservers
  3 orc warlords
  2 reapers
  A quicksilver ooze (shapeshifter) (Elf:2)
  A war gargoyle (Vaults:4)
  2 spriggan defenders (Depths:2)
  4 vampire knights
  2 caustic shrike skeletons
  10 ironbound thunderhulks
  4 eleionomae
  11 very ugly things
  4 deep elf demonologists
  2 halazid warlocks (Desolation)
  9 stone giants
  A white draconian (IceCv)
  5 deep elf annihilators
  15 dire elephants
  3 black draconians (Depths:4)
  6 bunyips
  A spectral titan (Crypt:1)
  4 yellow draconians (Depths:4)
  Snorg (D:11)
  A spectral elf (Crypt:1)
  4 spark wasps
  A merfolk javelineer (Depths:1)
  2 eidola
  11 ettins
  10 fire dragons
  12 deep elf death magi
  2 jiangshi
  2 mummy priests (Crypt:1)
  4 crystal guardians
  An entropy weaver (shapeshifter) (D:15)
  4 deep elf high priests
  3 shambling mangroves
  An entropy weaver (Vaults:1)
  9 yaktaur captains
  6 great orbs of eyes
  11 ragged hierophants (Desolation)
  12 servants of whispers (Desolation)
  2 ice dragons (shapeshifter)
  17 ironbound frosthearts
  A spriggan zombie (Crypt:3)
  32 vault guards
  22 hydras
  10 ice dragons
  A rakshasa (Depths:1)
  2 salamander tyrants
  6 anacondas
  A fenstrider witch zombie (Crypt:3)
  10 peacekeepers
  A catoblepas (Lair:5)
  5 spriggan air magi
  4 death knights
  3 ghost crabs
  A hell beast (Depths:4)
  28 centaur warriors
  A spriggan skeleton (Crypt:1)
  A spectral stone giant (Crypt:1)
  5 alligators
  29 dancing weapons
  6 boulder beetles
  A tengu warrior (Depths:2)
  5 satyrs (WizLab)
  2 two-headed ogres
  14 naga warriors
  9 deep troll earth magi
  14 deep troll shamans
  13 naga sharpshooters
  2 vampire magi
  3 death yaks (Lair:5)
  11 hell hogs
  11 spriggan berserkers
  7 shock serpents
  4 orc high priests
  A soul eater (Crypt:1)
  17 spriggans
  Urug (D:12)
  An emperor scorpion zombie (Crypt:3)
  23 hell knights
  2 titan skeletons (Crypt:2)
  2 spectral emperor scorpions (Crypt:1)
  17 deep elf knights
  11 iron trolls
  A spectral catoblepas (Crypt:1)
  Sonja (Orc:2)
  A storm dragon zombie (Crypt:3)
  7 skeletal warriors
  Nergalle (D:11)
  3 fire crabs
  A storm dragon skeleton (Crypt:2)
  Lodul (D:12)
  A spectral bunyip (Crypt:1)
  8 salamander mystics
  4 goliath frogs
  A shadow wraith (Crypt:3)
  3 spriggan druids
  An iron giant skeleton (Crypt:2)
  4 flayed ghosts
  82 deep trolls
  An orange crystal statue (Depths:1)
  11 bog bodies
  13 deep elf archers
  5 glowing orange brains
  A shadow dragon zombie (Vaults:4)
  An obsidian statue (Crypt:1)
  16 lindwurms
  Pikel (D:9)
  6 swamp dragons
  6 mana vipers (Snake:1)
  9 wizards
  A harpy (Vaults:1)
  An anaconda skeleton (Crypt:1)
  6 naga ritualists
  21 ironbound convokers
  7 spectral spriggans
  11 orc knights
  36 deep elf pyromancers
  13 necromancers
  10 phantasmal warriors
  A sphinx skeleton (Crypt:3)
  29 deep elf zephyrmancers
  4 will-o-the-wisps
  3 fauns (WizLab)
  4 oklob plants
  9 manticores
  36 ugly things
  A spectral ice dragon (Crypt:1)
  3 cyclopes
  2 spectral alligator snapping turtles (Crypt:1)
  2 orc sorcerers
  26 salamanders
  3 spectral centaurs (Crypt:1)
  21 elephants
  3 stone giant skeletons
  Maurice (D:12)
  15 naga magi
  A goliath frog skeleton (Crypt:3)
  A molten gargoyle (Desolation)
  23 black mambas
  17 vault sentinels
  A guardian serpent (shapeshifter) (D:14)
  A fire giant skeleton (Crypt:2)
  A dire elephant skeleton (Crypt:3)
  10 guardian serpents
  A rust devil (Depths:2)
  An orange demon (Depths:2)
  11 cane toads
  Maggie (D:10)
  2 ice statues (IceCv)
  A smoke demon (Depths:2)
  A kobold demonologist (D:12)
  10 rime drakes
  An unseen horror (shapeshifter) (Depths:2)
  A steelbarb worm zombie (Crypt:1)
  3 centaur skeletons
  An efreet (D:13)
  6 komodo dragons
  A human skeleton (Vaults:4)
  A red draconian zombie (Crypt:1)
  10 freezing wraiths
  3 ice devils
  A red devil (Depths:2)
  An unseen horror skeleton (Crypt:2)
  An anaconda simulacrum (Crypt:1)
  2 tengu conjurers
  9 guardian mummies
  23 yaktaurs
  A harpy zombie (Crypt:3)
  3 meliai (D:14)
  2 spectral harpies (Crypt:1)
  8 bloated husks
  7 tyrant leeches
  5 trolls
  11 polar bears
  84 saltlings (Desolation)
  Prince Ribbit (D:5)
  3 blink frogs (Lair:2)
  A harpy skeleton (D:15)
  An ettin zombie (Crypt:3)
  3 raiju (Lair:5)
  19 hornets
  4 dream sheep (Lair:5)
  A snapping turtle (shapeshifter) (Depths:2)
  An ettin skeleton (Vaults:4)
  32 slime creatures
  A shadow (D:12)
  A water elemental (Depths:1)
  2 centaur simulacra
  3 flying skulls (Crypt:3)
  5 wyverns
  6 wraiths
  A hog (shapeshifter) (D:15)
  2 ynoxinuls (Depths:2)
  An air elemental (Elf:3)
  A human (D:8)
  34 yaks
  A fire elemental (Elf:1)
  4 steam dragons
  A vampire (D:11)
  3 redbacks (Vaults:1)
  7 basilisks
  12 vampire mosquitoes
  2 death yak simulacra (Lair:1)
  2 neqoxecs
  14 wargs
  49 nagas
  A deep troll zombie (Crypt:2)
  A swamp worm (shapeshifter) (Vaults:1)
  10 swamp worms
  2 acid dragons
  14 hell hounds (Lair:5)
  A water nymph skeleton (Crypt:2)
  2 floating eyes
  3 naga skeletons
  15 water moccasins
  A glowing shapeshifter zombie (Vaults:3)
  35 orc warriors
  3 sky beasts
  2 ice beasts
  10 swamp drakes
  17 black bears
  A hornet zombie (D:15)
  A two-headed ogre skeleton (Crypt:3)
  2 ettin simulacra
  15 ogres
  26 wolves
  4 boggarts (Vaults:1)
  20 centaurs
  2 lemures (D:9)
  An elf zombie (Ossuary)
  2 gnoll sergeants
  A kobold brigand (D:8)
  9 necrophages
  11 bullfrogs
  6 scorpions
  A glowing shapeshifter simulacrum (Vaults:4)
  2 earth elementals (Elf:2)
  2 cane toad simulacra (Lair:1)
  A troll zombie (Crypt:1)
  5 lindwurm simulacra (IceCv)
  6 electric eels
  5 howler monkeys
  A gnoll bouda (D:6)
  3 human zombies
  5 komodo dragon simulacra (IceCv)
  5 jellies
  Crazy Yiuf (D:2)
  22 orc priests
  A hound (D:5)
  25 orc wizards
  4 iguanas
  2 hell rats
  A wolf simulacrum (Lair:1)
  An acid dragon skeleton (Crypt:2)
  2 hound zombies (Ossuary)
  A hound skeleton (Crypt:3)
  17 mummies
  24 gnolls
  7 river rats (Lair:3)
  4 acid dragon simulacra (IceCv)
  15 adders
  A shadow imp (D:7)
  3 white imps
  7 steam dragon simulacra (IceCv)
  2 adder zombies (Ossuary)
  3 worms
  A dart slug (D:2)
  103 orcs
  5 ball pythons
  15 bats
  A bat skeleton (Crypt:1)
  5 endoplasms
  3 giant cockroaches
  10 goblins
  13 hobgoblins
  3 jackals (D:3)
  14 kobolds
  5 quokkas
  A river rat zombie (Crypt:3)
  A ball python (shapeshifter) (Depths:2)
  5 frilled lizards
  2 frilled lizard skeletons
  A goblin zombie (Ossuary)
  2 hobgoblin zombies (Ossuary)
  A jackal zombie (Ossuary)
  A kobold zombie (Ossuary)
  7 rats
  A rat zombie (Crypt:3)
2218 creatures vanquished.

Vanquished Creatures (collateral kills)
  2 jiangshi (Crypt:3)
  A vampire mage (Crypt:3)
  3 skeletal warriors (Crypt:3)
  A goliath frog (Swamp:1)
  A flying skull (Crypt:3)
  A wraith (Crypt:3)
9 creatures vanquished.

Vanquished Creatures (others)
  An eleionoma (Swamp:1)
  A bunyip (Swamp:2)
  A deep elf knight (Elf:2)
  2 goliath frogs
  A bloated husk (Swamp:3)
  2 saltlings (Desolation)
  A swamp drake (Swamp:4)
  A goblin (D:3)
  2 briar patches (WizLab)
  9 foxfires
  16 fungi
  41 plants
  10 toadstools (Swamp:1)
  11 withered plants
99 creatures vanquished.

Grand Total: 2326 creatures vanquished

Notes
Turn   | Place    | Note
-------+----------+-------------------------------------------
     0 | D:1      | Lobster4 the Deep Elf Conjurer began the quest for the Orb.
     0 | D:1      | Reached XP level 1. HP: 10/10 MP: 6/6
   196 | D:1      | Reached XP level 2. HP: 16/16 MP: 5/8
   269 | D:1      | Learned a level 2 spell: Searing Ray
  1143 | D:2      | Reached XP level 3. HP: 20/20 MP: 2/9
  1446 | D:3      | Reached skill level 1 in Fighting
  1494 | D:2      | Reached skill level 1 in Armour
  1677 | D:2      | Reached skill level 1 in Staves
  1677 | D:2      | Reached XP level 4. HP: 25/25 MP: 6/11
  2024 | D:2      | Found a runed translucent door.
  2025 | D:2      | Noticed Crazy Yiuf
  2032 | D:2      | Killed Crazy Yiuf
  2293 | D:3      | Learned a level 4 spell: Iskenderun's Mystic Blast
  2306 | D:3      | Reached XP level 5. HP: 29/29 MP: 9/12
  2732 | D:3      | Found a shimmering blue altar of Sif Muna.
  2799 | D:3      | Got Sif Muna's Codex of Pyromancy
  2805 | D:3      | Found a bloodstained altar of Trog.
  2925 | D:3      | Reached skill level 4 in Spellcasting
  2925 | D:3      | Reached skill level 5 in Conjurations
  3318 | D:3      | Found a broken altar of Ashenzari.
  3462 | D:3      | Reached skill level 1 in Throwing
  3544 | D:3      | Learned a level 3 spell: Mephitic Cloud
  3618 | D:4      | Reached skill level 1 in Evocations
  3722 | D:4      | Reached skill level 1 in Translocations
  3722 | D:4      | Reached XP level 6. HP: 30/35 MP: 4/14
  3828 | D:4      | Found a staircase to the Ecumenical Temple.
  3862 | Temple   | Entered the Ecumenical Temple
  3870 | Temple   | Became a worshipper of Vehumet
  4180 | D:4      | Reached skill level 1 in Ranged Weapons
  4598 | D:5      | Entered Level 5 of the Dungeon
  4610 | D:5      | Learned a level 2 spell: Blink
  4681 | D:5      | Found a glowing golden altar of the Shining One.
  4726 | D:5      | Reached skill level 1 in Poison Magic
  4726 | D:5      | Reached XP level 7. HP: 39/39 MP: 7/15
  4852 | D:5      | Identified the +5 trident of the Piercing Saviour {venom,
                  | rElec rCorr Str-4 Int+5}
  4925 | D:5      | Reached skill level 1 in Air Magic
  5141 | D:5      | Noticed Prince Ribbit
  5196 | D:5      | Killed Prince Ribbit
  5250 | D:5      | Reached * piety under Vehumet
  5250 | D:5      | Offered knowledge of Kiss of Death by Vehumet.
  5556 | D:5      | Reached skill level 5 in Spellcasting
  5638 | D:5      | Found an iron altar of Okawaru.
  5638 | D:5      | Found a shimmering altar of Xom.
  5902 | D:6      | Found an opulent altar of Gozag.
  6048 | D:6      | Reached XP level 8. HP: 45/45 MP: 11/17
  6332 | D:7      | Found a sand-covered staircase.
  6415 | Ossuary  | Entered an ossuary
  7362 | D:7      | Reached skill level 6 in Spellcasting
  7483 | D:7      | Reached skill level 5 in Dodging
  7516 | D:7      | Found a glowing silver altar of Zin.
  7746 | D:6      | Found Obozuoc's Jewellery Emporium.
  7753 | D:7      | Reached XP level 9. HP: 50/50 MP: 14/20
  7958 | D:6      | Offered knowledge of Shock by Vehumet.
  8039 | D:6      | Reached ** piety under Vehumet
  8516 | D:8      | Identified 3 scrolls of acquirement
  8516 | D:8      | Acquired the +2 pair of slick slippers {slick, slippery,
                  | EV+5}
  8516 | D:8      | Found the +2 pair of slick slippers {slick, slippery, EV+5}
  8530 | D:8      | Acquired the Handbook of Wounds
  8538 | D:8      | Learned a level 5 spell: Iskenderun's Battlesphere
  8538 | D:8      | Acquired an amulet of magic regeneration
  8575 | D:8      | Reached skill level 7 in Spellcasting
  8718 | D:8      | Found a snail-covered altar of Cheibriados.
  8829 | D:8      | Identified the +2 buckler "Uwed" {rF- Slay+5}
  8830 | D:8      | Noticed a two-headed ogre
  9005 | D:8      | Found a runed translucent door.
  9015 | D:8      | Found a basalt altar of Yredelemnul.
  9026 | D:8      | Killed a two-headed ogre
  9027 | D:8      | Reached skill level 1 in Shields
  9210 | D:8      | Reached skill level 8 in Spellcasting
  9291 | D:8      | Identified the ring of Amelioration {rElec rN+ Int+4}
  9491 | D:9      | Noticed Pikel
  9537 | D:9      | Offered knowledge of Poisonous Vapours by Vehumet.
  9563 | D:9      | Learned a level 2 spell: Poisonous Vapours
  9565 | D:9      | Noticed an oklob plant
  9566 | D:9      | Noticed an oklob plant
  9604 | D:9      | Found a staircase to the Lair.
  9621 | D:9      | Reached XP level 10. HP: 58/58 MP: 18/24
  9678 | D:9      | Found a shadowy altar of Dithmenos.
  9792 | D:9      | Reached *** piety under Vehumet
 10266 | D:9      | Killed Pikel
 10621 | D:9      | Killed an oklob plant
 10622 | D:9      | Reached skill level 5 in Fighting
 10734 | D:9      | Noticed an oklob plant
 10742 | D:9      | Killed an oklob plant
 10845 | D:9      | Killed an oklob plant
 10846 | D:9      | Reached skill level 9 in Spellcasting
 10949 | D:10     | Entered Level 10 of the Dungeon
 10951 | D:10     | Identified the +0 scale mail "Illet" {rF+ Stlth+}
 11315 | D:10     | Offered knowledge of Inner Flame by Vehumet.
 11361 | D:10     | Reached XP level 11. HP: 60/64 MP: 24/26
 11419 | D:10     | Noticed Maggie
 11426 | D:10     | Killed Maggie
 11427 | D:10     | Reached skill level 5 in Evocations
 11525 | D:10     | Found a burning altar of Makhleb.
 11528 | D:10     | Found a sparkling altar of Nemelex Xobeh.
 11531 | D:10     | Found an ornate altar of the Wu Jian Council.
 11534 | D:10     | Found an ancient bone altar of Kikubaaqudgha.
 12110 | D:11     | Reached skill level 5 in Poison Magic
 12370 | D:11     | Noticed Nergalle
 12383 | D:11     | Killed Nergalle
 12521 | D:11     | Reached skill level 10 in Spellcasting
 12526 | D:11     | Noticed Snorg
 12539 | D:11     | Killed Snorg
 12539 | D:11     | Reached **** piety under Vehumet
 12717 | D:11     | Found a staircase to the Orcish Mines.
 13009 | Orc:1    | Entered Level 1 of the Orcish Mines
 13042 | Orc:1    | Offered knowledge of Airstrike by Vehumet.
 13084 | Orc:1    | Found Cuemet's Antique Armour Emporium.
 13094 | Orc:1    | Bought a pair of runed gloves for 180 gold pieces
 13197 | Orc:2    | Entered Level 2 of the Orcish Mines
 13289 | Orc:2    | Noticed Sonja
 13297 | Orc:2    | Killed Sonja
 13373 | Orc:2    | Found Xadozunn's Self-Improvement Boutique.
 13476 | Orc:2    | Found a staircase to the Elven Halls.
 13518 | Orc:2    | Noticed an orc knight
 13533 | Orc:2    | Killed an orc knight
 13537 | Orc:2    | Reached skill level 5 in Shields
 13667 | Orc:2    | Reached XP level 12. HP: 71/71 MP: 23/28
 13670 | Orc:2    | Reached ***** piety under Vehumet
 13676 | Orc:2    | Noticed an orc high priest
 13682 | Orc:2    | Killed an orc high priest
 13683 | Orc:2    | Reached skill level 11 in Spellcasting
 13715 | Orc:2    | Found Suadie's Jewellery Boutique.
 13754 | Orc:2    | Reached skill level 10 in Conjurations
 13824 | Orc:2    | Offered knowledge of Freezing Cloud by Vehumet.
 13832 | Orc:2    | Learned a level 5 spell: Freezing Cloud
 13910 | Orc:2    | Noticed an orc high priest
 13923 | Orc:2    | Killed an orc high priest
 13924 | Orc:2    | Reached skill level 10 in Dodging
 14217 | Orc:2    | Found Jiebal's Assorted Antiques.
 14225 | Orc:2    | Bought a ruby potion for 17 gold pieces
 14225 | Orc:2    | Bought a scroll of identify for 38 gold pieces
 14257 | Orc:2    | Noticed an orc warlord
 14272 | Orc:2    | Killed an orc warlord
 14442 | Orc:2    | Found Erghoel's Antique Weapon Shoppe.
 14459 | Orc:2    | Found Kihegg's Antique Armour Emporium.
 14930 | Orc:1    | Found a burning altar of Makhleb.
 15154 | Lair:1   | Entered Level 1 of the Lair of Beasts
 15154 | Lair:1   | Found a frozen archway.
 15163 | Lair:1   | Reached skill level 12 in Spellcasting
 15169 | Lair:1   | Learned a level 5 spell: Fireball
 15188 | IceCv    | Entered an ice cave
 15365 | IceCv    | Reached skill level 1 in Ice Magic
 15398 | IceCv    | Reached skill level 1 in Fire Magic
 15439 | IceCv    | Noticed a white draconian
 15445 | IceCv    | Killed a white draconian
 15604 | IceCv    | Offered knowledge of Yara's Violent Unravelling by Vehumet.
 16343 | Lair:1   | Reached XP level 13. HP: 78/78 MP: 26/31
 16365 | Lair:1   | You fall into a shaft and drop 1 floor!
 16934 | Lair:2   | Identified the +5 spear of Tougalips {antimagic, Will+
                  | Str+2 SInv}
 16961 | Lair:2   | Found a hazy altar of Hepliaklqana.
 17504 | Lair:3   | Reached skill level 13 in Spellcasting
 17530 | Lair:3   | Found a staircase to the Swamp.
 18395 | Lair:3   | Found a staircase to the Snake Pit.
 19313 | Lair:5   | Entered Level 5 of the Lair of Beasts
 19490 | Lair:5   | Reached skill level 14 in Spellcasting
 19499 | Lair:5   | Reached XP level 14. HP: 82/86 MP: 31/34
 19578 | Lair:5   | Found a staircase to the Slime Pits.
 19768 | Lair:5   | Offered knowledge of Ozocubu's Refrigeration by Vehumet.
 20986 | Lair:5   | Identified the +3 leather armour of Tecs {rN+ Int+2}
 21631 | Lair:5   | Identified the +0 dagger of Cus Wikk {heavy, rPois rC-
                  | Int+5 Stlth+}
 21698 | Lair:5   | Reached skill level 5 in Armour
 21808 | Lair:5   | Got the Grimoire of Stormy Orientation
 22268 | D:12     | You fall into a shaft and drop 3 floors!
 22268 | D:15     | Entered Level 15 of the Dungeon
 22333 | D:14     | Offered knowledge of Lightning Bolt by Vehumet.
 22334 | D:14     | Reached skill level 15 in Spellcasting
 22491 | D:14     | Learned a level 5 spell: Lightning Bolt
 22499 | D:14     | Learned a level 7 spell: Orb of Destruction
 22933 | D:12     | Noticed Urug
 22945 | D:12     | Killed Urug
 23183 | D:12     | Noticed Lodul
 23188 | D:12     | Killed Lodul
 23189 | D:12     | Reached XP level 15. HP: 92/92 MP: 28/36
 23195 | D:12     | Reached skill level 10 in Fighting
 23481 | D:12     | Noticed Maurice
 23485 | D:12     | Killed Maurice
 23924 | D:13     | Found a corrupted altar of Lugonu.
 24448 | D:14     | Found a bloodstained altar of Trog.
 24582 | D:14     | Found a white marble altar of Elyvilon.
 24744 | D:14     | Found a gate to the Vaults.
 25418 | D:15     | Offered knowledge of Iron Shot by Vehumet.
 25419 | D:15     | Reached skill level 16 in Spellcasting
 25427 | D:15     | Learned a level 6 spell: Iron Shot
 25909 | D:15     | Reached skill level 15 in Dodging
 26186 | D:15     | Found a staircase to the Depths.
 26547 | Orc:2    | Bought a steaming sling for 182 gold pieces
 26547 | Orc:2    | Identified the +10 sling of Wounding {freeze, Dex+7} (You
                  | bought it in a shop on level 2 of the Orcish Mines)
 26547 | Orc:2    | Bought an iridescent short sword for 224 gold pieces
 26547 | Orc:2    | Identified the +0 short sword "Hiphaed" {flame, rPois rF+
                  | rC+ Will-} (You bought it in a shop on level 2 of the
                  | Orcish Mines)
 26553 | Orc:2    | Bought a pair of embroidered gloves for 217 gold pieces
 26553 | Orc:2    | Bought a pair of embroidered gloves for 217 gold pieces
 26610 | Orc:2    | Bought the ring "Babre" {rElec rF++ Will++ rCorr} for 1113
                  | gold pieces
 26679 | Orc:2    | Bought a runed leather armour for 145 gold pieces
 26760 | Elf:1    | Entered Level 1 of the Elven Halls
 26917 | Elf:1    | Offered knowledge of Conjure Ball Lightning by Vehumet.
 27016 | Elf:1    | Found Laikhlu's General Store.
 27022 | Elf:1    | Bought a scroll of identify for 22 gold pieces
 27070 | Elf:1    | Found a runed translucent door.
 27072 | Elf:1    | Noticed Hynwimna's ghost (veteran MiGl)
 27206 | Elf:1    | Reached skill level 17 in Spellcasting
 27435 | Elf:1    | Reached ****** piety under Vehumet
 27445 | Elf:1    | Reached skill level 15 in Conjurations
 27665 | Elf:1    | You fall into a shaft and drop 1 floor!
 27769 | Elf:2    | Reached XP level 16. HP: 98/98 MP: 29/39
 27827 | Elf:2    | Found a runed translucent gate.
 27827 | Elf:2    | Found a runed translucent gate.
 27828 | Elf:2    | Found a runed translucent gate.
 27833 | Elf:2    | Noticed Soammui's ghost (adept MiBe)
 28223 | Elf:1    | Noticed a Hell Sentinel
 28348 | Elf:1    | Got the Information on Fulmination
 28664 | Elf:2    | Found a runed translucent gate.
 28664 | Elf:2    | Found a runed translucent gate.
 28664 | Elf:2    | Found a runed translucent gate.
 29215 | Elf:3    | Entered Level 3 of the Elven Halls
 29227 | Elf:3    | Found Wischyoka's General Store.
 30302 | Elf:3    | Reached skill level 18 in Spellcasting
 30543 | Elf:3    | Noticed a deep elf blademaster
 30548 | Elf:3    | Killed a deep elf blademaster
 30767 | Elf:3    | Identified the +0 buckler "Iwnyvitt" {Str+4}
 30806 | Elf:3    | Identified the +4 mace of Demand {flame, rElec Str-5 Dex+2
                  | SInv}
 30925 | Elf:3    | Noticed a deep elf master archer
 30929 | Elf:3    | Killed a deep elf master archer
 30929 | Elf:3    | Offered knowledge of Lehudib's Crystal Spear by Vehumet.
 31147 | Elf:3    | Reached XP level 17. HP: 88/104 MP: 33/41
 31341 | Elf:3    | Identified the +2 ring mail "Kysecour" {Int+2}
 31341 | Elf:3    | Noticed a deep elf master archer
 31348 | Elf:3    | Killed a deep elf master archer
 31643 | Elf:3    | Identified the +12 great sword "Ruaterghi" {venom, rF-
                  | Dex+9 SInv Stlth-}
 32760 | Snake:1  | Entered Level 1 of the Snake Pit
 32838 | Snake:1  | Reached skill level 19 in Spellcasting
 33102 | Snake:1  | Learned a level 8 spell: Lehudib's Crystal Spear
 33769 | Snake:1  | Found a shimmering blue altar of Sif Muna.
 33770 | Snake:1  | Found a transporter.
 33976 | Snake:2  | Noticed Jorgrun
 33979 | Snake:2  | Killed Jorgrun
 34163 | Snake:2  | Offered knowledge of Shatter by Vehumet.
 34163 | Snake:2  | Offered knowledge of Chain Lightning by Vehumet.
 34163 | Snake:2  | Offered knowledge of Polar Vortex by Vehumet.
 34357 | Snake:2  | You fall into a shaft and drop 1 floor!
 34423 | Snake:2  | Reached skill level 1 in Earth Magic
 34742 | Snake:2  | Found a hazy altar of Hepliaklqana.
 35077 | Snake:3  | Identified the +6 chain mail "Qoip" {rPois Str+6 Dex+3
                  | Slay-4}
 35244 | Snake:3  | Reached XP level 18. HP: 112/112 MP: 19/43
 35430 | Snake:3  | Found Begooh's Jewellery Boutique.
 35432 | Snake:3  | Found Jezix's Antique Armour Shop.
 35434 | Snake:3  | Found Gyazunaj's Assorted Antiques.
 35442 | Snake:3  | Bought a pitted leather armour for 287 gold pieces
 35442 | Snake:3  | Identified the +1 leather armour "Gocu Dex" {Will+++ Int+4
                  | Dex-3} (You bought it in a shop on level 3 of the Snake
                  | Pit)
 35931 | Snake:4  | Entered Level 4 of the Snake Pit
 36878 | Snake:4  | Identified the +10 spear of Luis {holy, rElec Will+}
 37327 | Snake:4  | Reached skill level 20 in Spellcasting
 37622 | Snake:4  | Got a serpentine rune of Zot
 38538 | Vaults:1 | Entered Level 1 of the Vaults
 38707 | Vaults:1 | Found a crumbling gateway.
 38721 | Desolati | Entered the Desolation of Salt
 38752 | Desolati | Reached skill level 5 in Earth Magic
 39292 | Desolati | Reached XP level 19. HP: 41/117 MP: 32/45
 39992 | Desolati | Got the Disquisition on Displacement and Bombardment
 39995 | Desolati | Identified the +2 robe of Beyond {Int+4 Dex+2}
 40033 | Desolati | Found the +7 great mace "Firestarter" {flame, inner flame,
                  | rFlCloud rF++}
 40042 | Desolati | Identified the ring "Edalinof" {+Blink Dex+3 Slay+6 SInv}
 40107 | Desolati | Identified the +4 plate armour of Tomorrow {rN+ Will+ rCorr
                  | Dex-5}
 40287 | Desolati | Identified the ring "Amul" {rF+ rC+ Will+ Int-3}
 40425 | Desolati | Identified the amulet of Ettuidi {Reflect Regen+ SH+5}
 42403 | Vaults:1 | Reached skill level 1 in Short Blades
 42412 | Vaults:1 | Reached skill level 10 in Armour
 42563 | Vaults:1 | You fall into a shaft and drop 1 floor!
 43053 | Vaults:2 | Reached skill level 21 in Spellcasting
 43758 | Vaults:2 | Reached XP level 20. HP: 118/124 MP: 27/47
 43863 | Vaults:2 | Found Veasaduj's Jewellery Shop.
 44719 | Vaults:2 | Found a staircase to the Crypt.
 47858 | Vaults:3 | Reached skill level 5 in Short Blades
 48786 | Vaults:3 | Reached XP level 21. HP: 131/131 MP: 5/48
 49728 | Vaults:3 | Reached skill level 22 in Spellcasting
 50861 | Vaults:3 | Identified the +2 leather armour "Boidid" {*Corrode Will-
                  | Str+2 Int+6}
 51019 | Vaults:4 | Reached skill level 10 in Earth Magic
 51073 | Vaults:4 | Found Kimoluog's Magic Scroll Shop.
 51136 | Vaults:4 | Bought a scroll of magic mapping for 120 gold pieces
 51136 | Vaults:4 | Bought a scroll of teleportation for 48 gold pieces
 51136 | Vaults:4 | Bought a scroll of fog for 64 gold pieces
 51136 | Vaults:4 | Bought a scroll of summoning for 152 gold pieces
 51148 | Vaults:4 | Noticed Saint Roka
 51153 | Vaults:4 | Killed Saint Roka
 53384 | Vaults:4 | Reached skill level 10 in Shields
 53723 | Vaults:4 | Identified the ring of Punuiz {Fire Fly rN+ Slay+3}
 54131 | Swamp:1  | Entered Level 1 of the Swamp
 56847 | Swamp:3  | Identified the +9 hand axe of Execution {holy, rN++}
 56870 | Swamp:3  | Identified the +3 leather armour of the Ageing Gods {Int+2}
 56881 | Swamp:3  | Identified the +1 pair of gloves of the Plum {rF+ rN+
                  | Int+2}
 57428 | Swamp:3  | Reached XP level 22. HP: 121/138 MP: 30/50
 57974 | Swamp:4  | Entered Level 4 of the Swamp
 57992 | Swamp:4  | Reached skill level 23 in Spellcasting
 58763 | Swamp:4  | Got a decaying rune of Zot
 58802 | Swamp:4  | Found a shimmering altar of Xom.
 59322 | Crypt:1  | Entered Level 1 of the Crypt
 59887 | Crypt:1  | Found a runed translucent gate.
 60353 | Crypt:1  | Found a runed translucent gate.
 60353 | Crypt:1  | Found a runed translucent gate.
 60357 | Crypt:1  | Noticed Onexaaje's ghost (adept GrFi)
 60357 | Crypt:1  | Noticed Zievuyg's ghost (adept MiFi)
 61496 | Crypt:1  | Reached skill level 15 in Fighting
 61535 | Crypt:1  | Noticed a royal mummy
 61539 | Crypt:1  | Killed a royal mummy
 61771 | Crypt:1  | HP: 6/140 [Zievuyg's ghost (38)]
 62118 | Crypt:1  | Killed Zievuyg's ghost
 62303 | Crypt:1  | Killed Onexaaje's ghost
 63503 | Crypt:3  | Entered Level 3 of the Crypt
 63564 | Crypt:3  | Noticed a curse toe
 63564 | Crypt:3  | Noticed a curse toe
 64062 | Crypt:3  | Noticed Mennas
 64084 | Crypt:3  | Killed Mennas
 64639 | Crypt:3  | Killed a curse toe
 64640 | Crypt:3  | Reached XP level 23. HP: 88/144 MP: 41/52
 64794 | Crypt:3  | Identified the ring of Yhiuf {rN+ Dex+3 Slay+2}
 64852 | Crypt:3  | Killed a curse toe
 65192 | Crypt:3  | Found a staircase to the Tomb.
 65258 | Crypt:3  | Noticed a dread lich
 65362 | Crypt:3  | Noticed a dread lich
 65362 | Crypt:3  | Noticed an ancient lich
 65652 | Crypt:3  | Killed a dread lich
 65685 | Crypt:3  | Killed a dread lich
 65688 | Crypt:3  | Killed an ancient lich
 65739 | Crypt:3  | Got the Thoughts on the Crypt
 65745 | Crypt:3  | Identified the +1 robe of Pachask {Fly rPois Will-}
 65748 | Crypt:3  | Got Fuig Vuijule's Lessons on Transition and Grit
 65749 | Crypt:3  | Identified the amulet of Recklessness {Regen+ Int+3 Slay+3}
 65751 | Crypt:3  | Identified the +8 flail "Ryw Osie" {heavy, Will+ Str+4
                  | Int+2}
 66159 | Elf:1    | Killed Hynwimna's ghost
 66171 | Elf:1    | Identified the ring "Neegenef" {rPois rC+ Will+ Slay+4
                  | SInv}
 66464 | Elf:2    | Killed Soammui's ghost
 67092 | Depths:1 | Entered Level 1 of the Depths
 67100 | Depths:1 | Reached skill level 24 in Spellcasting
 67441 | Depths:1 | Found a runed translucent gate.
 67441 | Depths:1 | Found a runed translucent gate.
 67442 | Depths:1 | Found a runed translucent gate.
 67444 | Depths:1 | Identified the ring of Plog {rC- Int+4 Dex+6}
 67444 | Depths:1 | Noticed Dameikh's ghost (veteran FoFi)
 68063 | Depths:1 | Found a gateway to Hell.
 68111 | Depths:1 | Found an ornate altar of the Wu Jian Council.
 68277 | Depths:2 | Found a magical portal.
 68283 | WizLab   | Entered Eringya's Formal Garden
 69082 | WizLab   | Found a blossoming altar of Fedhas.
 69738 | Depths:2 | Noticed Nikola
 69744 | Depths:2 | Killed Nikola
 70020 | Depths:2 | Noticed a caustic shrike
 70023 | Depths:2 | Killed a caustic shrike
 70024 | Depths:2 | Reached XP level 24. HP: 152/152 MP: 37/53
 70553 | Depths:2 | Noticed a juggernaut
 70558 | Depths:2 | Killed a juggernaut
 70681 | Depths:2 | Gained mutation: You are vulnerable to cold. (rC-) [a
                  | neqoxec]
 70829 | Depths:2 | Found a one-way gate leading to the halls of Pandemonium.
 70952 | Depths:2 | Found a runed translucent gate.
 70952 | Depths:2 | Found a runed translucent gate.
 70952 | Depths:2 | Found a runed translucent gate.
 70974 | Depths:2 | Noticed timneilson's ghost (adept GrFi)
 71144 | Depths:3 | Reached skill level 15 in Earth Magic
 71202 | Depths:3 | Found a one-way gate to the infinite horrors of the Abyss.
 71404 | Depths:3 | Found a one-way gateway to a ziggurat.
 71699 | Depths:3 | Found a stormy altar of Qazlal.
 71822 | Depths:3 | Found a sparkling altar of Nemelex Xobeh.
 72505 | Depths:4 | Entered Level 4 of the Depths
 73039 | Orc:2    | Bought a manual of Dodging for 880 gold pieces
 73717 | Depths:4 | Reached skill level 25 in Spellcasting
 74515 | Depths:4 | Found a gate to the Realm of Zot.
 74907 | Vaults:5 | Entered Level 5 of the Vaults
 74944 | Vaults:5 | Shot with a bolt by a vault warden

Illustrated notes

Levels and vault maps discovered:
D:1:      heliophobic_arrival_henge, layout_basic
D:2:      layout_rooms, st_stairs_11, serial_bayou_crossing,
          uniq_crazy_yiuf_cottage
D:3:      layout_loops_ring, nzn_overflow_gifts_of_might_and_magic,
          ashenzari_conservatory_becter, lemuel_flame_loot_1
D:4:      layout_gridville, minmay_temple_entry_slanted,
          ebering_dispersal_statue_hall
D:5:      layout_rooms, nicolae_tso_carved_into_rock,
          gammafunk_temple_overflow_statue, st_stairs_14, uniq_prince_ribbit1
D:6:      layout_cave_pools, grunt_gozag_breadcrumbs, serial_shops,
          nicolae_diamond_shop, minmay_misc_feat_roman,
          chequers_serial_rivers_room_a, sigmund_army
D:7:      layout_basic, zin_statuary, nicolae_ossuary_entry_ruins
D:8:      layout_loops_ring, dk_yredelemnul_ordeal, slow_altar_1
D:9:      layout_grid_maze, amcnicky_altar_gilded, david_lair_generic,
          disabler_island, uniq_pikel
D:10:     layout_basic, grunt_temple_overflow_cloverleaf, uniq_maggie
D:11:     layout_big_octagon, david_orc_3, uniq_nergalle, uniq_snorg
D:12:     layout_long_grid, uniq_maurice, uniq_urug, uniq_lodul
D:13:     layout_roguey, minmay_tree_intersection, tgw_lugonu_bribe
D:14:     layout_irregular_city, erik_vaults_1, elyvilon_altar_5,
          trog_hazing_becter
D:15:     grunt_enter_depths_magical_seal, layout_grid_maze, roderic_batcave,
          roderic_lattice_a
Temple:   nicolae_temple_little_seven
Lair:1:   layout_regular_city, portal_ice_cave_entry_ice_simulacra
Lair:2:   layout_chaotic_city, basic_altar, serial_bayou_shore_a,
          infiniplex_staircase_pool_2
Lair:3:   layout_chaotic_city, skrybe_swamp_entry_bodies,
          guppyfry_snake_entry_garden, kennysheep_abandoned_house
Lair:4:   layout_gridlike
Lair:5:   hangedman_lair_caniforms_friends, layout_cellular_growth,
          hangedman_lair_in_review, nicolae_slime_entry_field_trip
Swamp:1:  cheibrodos_swamp_tower_of_moss, layout_basic_swamp,
          evilmike_swamp_ruin_house_2
Swamp:2:  nicolae_swamp_husk_halls, layout_basic_swamp,
          evilmike_swamp_ruin_house_3
Swamp:3:  nicolae_swamp_flooded_prison, layout_falls_marsh,
          nicolae_swamp_orc_logging_accident, swamp_pool1
Swamp:4:  swamp_fiery, layout_basic_swamp, swamp_pool2, lemuel_altar_in_water
Snake:1:  gammafunk_sealed_library, layout_misc_corridors, lemuel_fruit_tree
Snake:2:  layout_gridlike, basic_altar, uniq_jorgrun
Snake:3:  layout_cave_town, chequers_hall_statues_y, minmay_shop_star
Snake:4:  johnstein_snake_rune_scales, layout_grid_shapes,
          hangedman_snake_thin_pillar_pass, guppyfry_library_mini
Orc:1:    layout_caves, serial_shops, shop, basic_altar
Orc:2:    grunt_orc_community_town_hall, layout_diamond_mine,
          grunt_orc_community_big_house_2, grunt_orc_community_big_house_1,
          grunt_orc_community_house_1, grunt_orc_community_house_3,
          grunt_orc_community_house_3, grunt_orc_community_house_2,
          nicolae_shop_self_help, uniq_sonja
Elf:1:    elf_arrival_002, layout_loops_cross, ebering_ghost_inner_flame,
          serial_shops, shop, minmay_elf_sorcery
Elf:2:    nicolae_elf_blades_splatter_lattice [nooodl_blade_entry_preview],
          layout_loops_corners, gammafunk_ghost_split
Elf:3:    minmay_elf_hall_statues, layout_geoelf_diagonals, serial_shops,
          shop_fountains
Vaults:1: portal_desolation_entry_nicolae_slug, hangedman_vaults_nails,
          v_rooms_6, v_pattern_1, vaults_mumra_hexcomb, vaults_mumra_chevron,
          vaults_mumra_minichess, nicolae_vaults_c_with_doors, v_misc_30,
          layout_vaults_omnicross
Vaults:2: vaults_mumra_minichess_inversion, minmay_crypt_entry_simple_sparse,
          v_misc_5, v_rooms_5, hangedman_vaults_cutoff, v_misc_25,
          ontoclasm_vaults_claustrophobia, vaults_standard_mumra_lines,
          ontoclasm_vaults_idyll, hangedman_vaults_corner, st_spiral_rooms,
          layout_vaults_maze, serial_shops, shop, uniq_margery
Vaults:3: grunt_vaults_bifocal, v_pattern_5, v_rooms_3, hangedman_vaults_snaps,
          vaults_room_stairs_pillars, vaults_room_guarded_vault,
          grunt_vaults_funnel, ontoclasm_vaults_eye,
          nicolae_vaults_network_star, layout_vaults_big_room
Vaults:4: vaults_room_large_hall, v_misc_24, nicolae_vaults_little_ls,
          hangedman_vaults_impose, hangedman_vaults_locks,
          ontoclasm_vaults_hangar, st_lines, layout_vaults_omnigrid,
          serial_shops, shop_statue, uniq_saint_roka
Vaults:5
Crypt:1:  lemuel_minitomb, layout_regular_city, gammafunk_ghost_cemetery,
          minmay_misc_feat_hallway, grunt_crypt_arrival_split
Crypt:2:  layout_gridlike, minivault_25
Crypt:3:  david_glass_crypt, layout_chaotic_city,
          nicolae_tomb_entry_unfolded_pyramid_orthogonal,
          minmay_strange_pillars, uniq_mennas
Depths:1: layout_cave_pools, hell_entry, gammafunk_ghost_split,
          nrook_loot_triangle, minivault_16, nzn_wu_jian_contemplation
Depths:2: minmay_the_grid_square_5x5_4x4_mashed
          [minmay_the_grid_square_5x5_two_small,
          minmay_the_grid_square_5x5_bridge, minmay_the_grid_square_5x5_two,
          minmay_the_grid_square_5x5_gyroscope,
          minmay_the_grid_square_5x5_three_walls,
          minmay_the_grid_square_5x5_prize_rear_guard,
          minmay_the_grid_square_5x5_prize_snowflake,
          minmay_the_grid_square_5x5_six,
          minmay_the_grid_square_5x5_half_checkered,
          minmay_the_grid_square_5x5_prize_pseudospiral,
          minmay_the_grid_square_5x5_prize_open,
          minmay_the_grid_square_5x5_six_small,
          minmay_the_grid_square_5x5_tri_point,
          minmay_the_grid_square_5x5_fancy_junction,
          minmay_the_grid_square_5x5_empty, minmay_the_grid_square_5x5_shrine2],
          layout_cave_shapes, grunt_pan_entry_in_and_out, kennysheep_doodads,
          infiniplex_enter_wizlab_spiral, gammafunk_ghost_tricky_traps,
          hell_entry, uniq_nikola
Depths:3: nicolae_cairo_tiling_large_dashed, layout_long_grid, enter_ziggurat_a,
          hell_entry, nemelex_xobeh_ov_fountains_minmay,
          hangedman_abyss_entry_splay, nicolae_qazlal_scattered_showers
Depths:4: grunt_bruiser_brothers, layout_basic, grunt_hell_horde,
          rand_demon_pan_entry_5

Skill      XL: |  1  2  3  4  5  6  7  8  9 10 11 12 13 14 15 16 17 18 19 20 21 22 23 24 |
---------------+-------------------------------------------------------------------------+-----
Fighting       | 1 2 3 4 5 6 7 9 10 11 12 13 14 15 16 | 16.0
Dodging        | 3 4 5 6 8 9 11 12 14 15 16 17 18 19 20 21 22 | 22.8
Stealth        | 3 |  3.0
Armour         | 1 2 3 5 7 8 9 10 | 10.0
Staves         | 1 2 |  2.0
Spellcasting   | 4 5 6 8 9 10 12 14 15 17 18 19 20 21 22 23 24 25 | 25.2
Conjurations   | 5 6 7 8 9 11 12 13 15 16 17 18 19 20 21 | 21.9
Throwing       | 1 2 |  2.0
Evocations     | 1 2 3 4 5 |  5.0
Translocations | 1 2 3 |  3.0
Ranged Weapons | 1 2 3 |  3.0
Poison Magic   | 1 2 3 4 5 |  5.0
Air Magic      | 1 3 |  3.0
Shields        | 1 3 5 6 7 8 9 10 11 12 14 | 14.0
Ice Magic      | 2 4 |  4.0
Fire Magic     | 2 4 |  4.0
Earth Magic    | 2 5 7 9 11 12 14 16 | 16.5
Short Blades   | 2 5 |  5.0

Action                     |  1- 3 |  4- 6 |  7- 9 | 10-12 | 13-15 | 16-18 | 19-21 | 22-24 || total
---------------------------+-------+-------+-------+-------+-------+-------+-------+-------++-------
  Melee: Staff             |     5 |       |    17 |       |       |       |       |       ||    22
         Trident           |       |       |       |     2 |       |       |       |     3 ||     5
         Short sword       |       |       |       |       |       |     2 |    67 |    15 ||    84
  Throw: Dart              |       |     3 |       |       |     1 |       |       |       ||     4
   Cast: Magic Dart        |    60 |    55 |   140 |   315 |   436 |   376 |   436 |   343 ||  2161
         Searing Ray       |     9 |    29 |    72 |   124 |   169 |    29 |    45 |     3 ||   480
         Iskenderun's Myst |       |       |     1 |     2 |    23 |    38 |    31 |    34 ||   129
         Mephitic Cloud    |       |       |     2 |    14 |       |       |       |       ||    16
         Iskenderun's Batt |       |       |     1 |    73 |   106 |   116 |   143 |   148 ||   587
         Poisonous Vapours |       |       |       |    13 |     9 |     2 |     2 |       ||    26
         Fireball          |       |       |       |    29 |       |     2 |     4 |     1 ||    36
         Freezing Cloud    |       |       |       |       |    45 |    35 |    23 |    11 ||   114
         Lightning Bolt    |       |       |       |       |     6 |     6 |    25 |    24 ||    61
         Blink             |       |       |       |       |     1 |       |       |     1 ||     2
         Iron Shot         |       |       |       |       |    19 |   343 |   548 |   801 ||  1711
         Orb of Destructio |       |       |       |       |     1 |    20 |       |    21 ||    42
  Evoke: Wand              |       |       |     2 |       |       |     4 |     4 |     9 ||    19
         Condenser vane    |       |       |       |     1 |       |     1 |     1 |       ||     3
         Tin of tremorston |       |       |       |       |       |     1 |     2 |     3 ||     6
    Use: Scroll            |     6 |     8 |     9 |     5 |     8 |    13 |     5 |    15 ||    69
         Potion            |     1 |       |     1 |       |     1 |    10 |     4 |    10 ||    27
 Armour: Robe              |    33 |     4 |    64 |    28 |    59 |       |       |       ||   188
         Leather armour    |       |       |       |       |     3 |    67 |    78 |    58 ||   206
  Dodge: Dodged            |    48 |    12 |   108 |   143 |   259 |   209 |   225 |   198 ||  1202
  Block: Buckler           |       |       |       |       |    48 |    75 |   194 |    19 ||   336
         Reflection        |       |       |       |       |       |       |    44 |       ||    44
         Kite shield       |       |       |       |       |       |       |       |   111 ||   111

Table legend: (Time is in decaauts)
 A = Elapsed time spent in this place.
 B = Non-inter-level travel time spent in this place.
 C = Inter-level travel time spent in this place.
 D = Time resting spent in this place.
 E = Time spent auto-exploring this place.
 F = Levels seen in this place.
 G = Mean time per level.
                   A        B        C        D        E       F      G
               +--------+--------+--------+--------+--------+-----+--------+
         Total |  75048 |  67668 |   7380 |  12109 |  42079 |  50 | 1501.0 |
       Dungeon |  19520 |  16416 |   3104 |   2133 |  11693 |  15 | 1301.3 |
        Temple |     16 |     16 |      0 |      0 |      0 |   1 |   16.0 |
          Lair |   6992 |   6066 |    926 |    922 |   3959 |   5 | 1398.4 |
         Swamp |   4257 |   4046 |    211 |    539 |   2783 |   4 | 1064.2 |
     Snake Pit |   4984 |   4776 |    208 |    690 |   2946 |   4 | 1246.0 |
  Orcish Mines |   2662 |   2076 |    586 |    371 |   1151 |   2 | 1331.0 |
   Elven Halls |   6430 |   5709 |    721 |   1412 |   3094 |   3 | 2143.3 |
        Vaults |  13473 |  12485 |    988 |   2263 |   8047 |   5 | 2694.6 |
         Crypt |   6492 |   6177 |    315 |   1625 |   3265 |   3 | 2164.0 |
        Depths |   6249 |   5931 |    318 |    946 |   3792 |   4 | 1562.2 |
       Ossuary |    304 |    304 |      0 |     74 |    140 |   1 |  304.0 |
      Ice Cave |    564 |    564 |      0 |    137 |    179 |   1 |  564.0 |
        Wizlab |   1060 |   1060 |      0 |    390 |    323 |   1 | 1060.0 |
    Desolation |   2040 |   2040 |      0 |    606 |    705 |   1 | 2040.0 |
               +--------+--------+--------+--------+--------+-----+--------+

Top non-repeatable levels by time:
Vaults:2: 4394 daAuts
Vaults:1: 3560 daAuts
 Crypt:1: 3299 daAuts
Vaults:4: 2777 daAuts
  Lair:5: 2718 daAuts
Vaults:3: 2705 daAuts
   Elf:3: 2335 daAuts
   Elf:2: 2163 daAuts
 Crypt:3: 2147 daAuts
   Orc:2: 2050 daAuts
Desolation: 2040 daAuts
   Elf:1: 1930 daAuts
     D:9: 1814 daAuts
Depths:2: 1811 daAuts
 Snake:4: 1745 daAuts
